 Dungeon Crawl Stone Soup version 0.23.2-30-g0e89c35649 (webtiles) character file.

Game seed: 6527773823912793929

80276 Jabberih the Brawler (level 15, -8/143 HPs)
             Began as a Troll Transmuter on June 19, 2019.
             Was the Champion of Ru.
             Mangled by Agnes
             ... wielding a cursed -3 lajatang
              (31 damage)
             ... on level 15 of the Dungeon on June 20, 2019.
             The game lasted 01:12:14 (24238 turns).

Jabberih the Brawler (Troll Transmuter)            Turns: 24238, Time: 01:12:18

Health: -8/143     AC: 11    Str: 23    XL:     15   Next: 23%
Magic:  25/25      EV: 16    Int: 13    God:    Ru [******]
Gold:   1798       SH:  0    Dex: 13    Spells: 1/16 levels left

rFire    + . .     SeeInvis .     - Unarmed
rCold    . . .     Gourm    +   (shield unavailable)
rNeg     . . .     Faith    .   U - +0 robe of the Tuna {rElec rF+ rC+ MP+9 Dex+3}
rPois    .         Spirit   .   H - +2 hat
rElec    +         Reflect  .   r - +2 cloak {MR+}
rCorr    .         Harm     .   (gloves unavailable)
MR       ++...                  (boots unavailable)
Stlth    +.........             u - amulet of Qosatti {Acrobat +Blink rElec Slay+3}
HPRegen  0.73/turn              (ring unavailable)
MPRegen  0.19/turn              b - ring of protection from fire

@: lethally poisoned (-8 -> -11)
A: large, unfitting armour, claws 3, fast metabolism 3, gourmand, regeneration
1, shaggy fur 1, tough skin 3, missing a hand, inability to train armour,
temperature sensitive
a: Draw Out Power, Power Leap, Apocalypse, Renounce Religion, Evoke Blink


You were on level 15 of the Dungeon.
You worshipped Ru.
Ru was exalted by your worship.
You were not hungry.

You visited 4 branches of the dungeon, and saw 24 of its levels.
You also visited: Sewer.

You collected 2280 gold pieces.
You spent 482 gold pieces at shops.

Inventory:

Missiles
 a - 436 arrows
 j - 519 stones (quivered)
 S - 8 steel tomahawks
 T - 16 tomahawks
Armour
 f - a +2 troll leather armour {Snorg}
 r - a +2 cloak of magic resistance (worn)
 H - a +2 hat (worn)
 U - the +0 robe of the Tuna (worn) {rElec rF+ rC+ MP+9 Dex+3}
   (You bought it in a shop on level 2 of the Orcish Mines)

   It affects your dexterity (+3).
   It protects you from fire.
   It protects you from cold.
   It insulates you from electricity.
   It affects your magic capacity (+9).
Jewellery
 b - a ring of protection from fire (right claw)
 g - an uncursed ring of positive energy
 n - an uncursed amulet of faith {unknown}
 s - an uncursed ring of flight
 u - the amulet of Qosatti (around neck) {Acrobat +Blink rElec Slay+3}
   (You found it on level 4 of the Dungeon)

   [amulet of the acrobat]

   It helps you evade while moving and waiting.
   It affects your accuracy and damage with ranged weapons and melee attacks
   (+3).
   It insulates you from electricity.
   It lets you blink.
 B - an uncursed ring of wizardry
 J - an uncursed amulet of harm {unknown}
 Q - a cursed amulet of inaccuracy {unknown}
 W - an uncursed amulet of the gourmand {unknown}
Wands
 m - a wand of paralysis (2)
 p - a wand of polymorph (20)
 q - a wand of iceblast (33)
 z - a wand of enslavement (12)
 A - a wand of flame (7)
 O - a wand of digging (5)
 V - a wand of random effects (11)
 Z - a wand of acid (11)
Scrolls
 e - 18 scrolls of remove curse
 l - 3 scrolls of amnesia
 o - 11 scrolls of teleportation
 y - 3 scrolls of magic mapping
 C - a scroll of fear
 E - 2 scrolls of enchant armour
 F - 2 scrolls of identify
 N - 2 scrolls of blinking
 P - a scroll of brand weapon {unknown}
 R - a scroll of enchant weapon
Potions
 c - 3 potions of degeneration
 h - 6 potions of flight
 i - 2 potions of magic
 k - 2 potions of curing
 t - 4 potions of mutation
 w - 2 potions of invisibility
 x - 3 potions of haste {unknown}
 D - a potion of ambrosia {unknown}
 I - 4 potions of lignification {unknown}
 M - 4 potions of brilliance {unknown}
 X - 3 potions of heal wounds
Comestibles
 d - 43 rations


   Skills:
 + Level 8.2 Fighting
 + Level 11.2 Dodging
 + Level 15.3 Unarmed Combat
 - Level 1.2 Spellcasting
 + Level 11.6 Transmutations
 + Level 3.9 Evocations


You had one spell level left.
You knew the following spells:

 Your Spells              Type           Power        Failure   Level  Hunger
a - Ice Form              Ice/Tmut       ###.....     26%         4    #####..
b - Sticks to Snakes      Tmut           ####....     1%          2    ###....
c - Spider Form           Tmut/Pois      ###.......   8%          3    ####...
d - Blade Hands           Tmut           ####......   6%          5    ######.
e - Summon Butterflies    Summ           #.......     28%         1    ##.....

Your spell library contained the following spells:

 Spells                   Type           Power        Failure   Level  Hunger
 Beastly Appendage        Tmut           ####..       1%          1    ##.....
 Apportation              Tloc           #.....       28%         1    ##.....
 Confusing Touch          Hex            #.....       28%         1    ##.....
 Corona                   Hex            #......      28%         1    ##.....
 Ignite Poison            Fire/Tmut/Pois ##......     17%         3    ####...
 Petrify                  Tmut/Erth      ###.....     26%         4    #####..
 Slow                     Hex            #.......     38%         2    ###....
 Sublimation of Blood     Necr           #.........   38%         2    ###....
 Alistair's Intoxication  Tmut/Pois      ###.....     56%         5    ######.
 Irradiate                Conj/Tmut      ###.......   56%         5    ######.
 Yara's Violent Unravell  Hex/Tmut       ###.......   56%         5    ######.
 Confuse                  Hex            #.......     63%         3    ####...
 Gell's Gravitas          Tloc           #.........   63%         3    ####...
 Inner Flame              Hex/Fire       #.......     63%         3    ####...
 Lesser Beckoning         Tloc           #.........   63%         3    ####...
 Portal Projectile        Hex/Tloc       #.....       63%         3    ####...
 Tukima's Dance           Hex            #.......     63%         3    ####...
 Cause Fear               Hex            #.........   95%         4    #####..
 Leda's Liquefaction      Hex/Erth       #.........   95%         4    #####..
 Metabolic Englaciation   Hex/Ice        #.........   100%        5    ######.
 Invisibility             Hex            #.......     100%        6    #######


Dungeon Overview and Level Annotations

Branches:
Dungeon (15/15)            Temple (1/1) D:6            Lair (6/6) D:8
 Shoals (0/4) Lair:3       Spider (0/4) Lair:2        Slime (0/5) Lair:5
    Orc (2/2) D:9             Elf (0/3) Orc:2        Vaults (0/5) D:14
 Depths: D:15

Altars:
Ashenzari
Cheibriados
Dithmenos
Elyvilon
Fedhas
Gozag
Hepliaklqana
Kikubaaqudgha
Makhleb
Nemelex Xobeh
Okawaru
Qazlal
Ru
Sif Muna
Trog
Uskayaw
Vehumet
Wu Jian
Xom
Yredelemnul
Zin
The Shining One
Beogh
Jiyva

Shops:
D:10 =   Orc:2 [=(*

Annotations:
D:9 3 runed translucent doors, Nordron's ghost, novice MfIE
D:15 Agnes


Innate Abilities, Weirdness & Mutations

You are too large for most types of armour.
You have claws for hands.
Your metabolism is lightning-fast.
You like to eat raw meat.
Your natural rate of healing is unusually fast.
You are covered in fur. (AC +1)
You have extremely tough skin. (AC +3)
You are missing a hand.
You cannot train Armour skill.
You are sensitive to extremes of temperature. (rF-, rC-)


Message History

You focus your will and illuminate Agnes in retribution!
Found 23 gold pieces.
Agnes misses you. Agnes misses you.
Found a glowing centaur barding.
Agnes stops glowing.
The ogre mage casts a spell at you. The bolt of poison hits you!
You are poisoned.
* * * LOW HITPOINT WARNING * * *
You hear two shouts!
There is a stone staircase leading up here.
You feel sick.
You hear a horrible gurgling sound!
Agnes hits you with a cursed -3 lajatang!
* * * LOW HITPOINT WARNING * * *
You focus your will and slow Agnes in retribution!
The ogre mage begins to cast a spell, but is stunned by your will!
Agnes hits you with a cursed -3 lajatang!!
You die...

..%.........?..#
......OH.........#
.................#
.........u.......#
..........Q......#
...$...O.O.......#
........ZOH......#
.[.....O...?........
###..@i.$..#......
#....###.#.......
##.......########
#.####### .. ...
####


You could see Agnes, a cyan ugly thing, a tengu warrior, 2 two-headed ogres, an
ogre mage, 2 manticores, 2 ogres and a centaur warrior skeleton.

Vanquished Creatures
  Rupert (D:12)
  2 orc warlords (D:9)
  Snorg (D:14)
  An ogre mage (D:14)
  Erolcha (D:10)
  5 hydras
  A merfolk avatar (Lair:6)
  A death knight (D:15)
  6 death yaks
  6 two-headed ogres
  2 orc high priests
  11 skeletal warriors
  An unseen horror (D:13)
  A deep elf archer (Orc:1)
  A phantasmal warrior (D:15)
  A harpy (Lair:6)
  2 manticores (Lair:6)
  3 orc knights
  16 ugly things
  A wolf spider (Lair:2)
  A salamander (D:15)
  A cyclops (D:13)
  4 orc sorcerers
  A deep elf mage (Orc:1)
  A merfolk siren (Lair:3)
  Maurice (D:13)
  Joseph (D:10)
  A torpor snail (Lair:6)
  4 elephants (Lair:6)
  8 black mambas
  A gargoyle (D:14)
  11 spiny frogs
  7 rime drakes
  A centaur skeleton (D:10)
  5 kobold demonologists
  A freezing wraith (D:15)
  A jumping spider (Lair:2)
  6 komodo dragons
  A tengu conjurer (D:14)
  A polar bear (Lair:6)
  Grinder (D:5)
  4 trolls
  10 blink frogs
  2 slime creatures (D:14)
  5 dream sheep
  6 hippogriffs
  A spriggan (D:10)
  2 redbacks (Lair:2)
  A basilisk (Lair:2)
  2 wraiths (D:13)
  A shadow (D:13)
  A hog (shapeshifter) (D:13)
  4 wyverns
  21 yaks
  7 vampire mosquitoes
  A human (D:9)
  2 hungry ghosts
  25 water moccasins
  A soldier ant (D:13)
  An acid dragon (D:13)
  3 wargs
  3 porcupines (Lair:3)
  4 ice beasts
  3 phantoms
  25 orc warriors
  6 sky beasts
  A black bear (D:7)
  7 ogres
  11 centaurs
  15 crocodiles
  5 big kobolds
  27 bullfrogs
  A gnoll sergeant (D:9)
  A water moccasin zombie (D:5)
  4 wyvern skeletons
  3 scorpions
  13 killer bees
  3 vampire bats (Orc:2)
  5 howler monkeys
  5 crimson imps
  A bullfrog zombie (D:12)
  2 centaur zombies
  21 orc priests
  10 hounds
  A gnoll shaman (D:5)
  3 bullfrog skeletons
  5 iguanas
  Ijyb (D:3)
  23 orc wizards
  6 hell rats
  7 worker ants
  A killer bee zombie (D:6)
  A hound skeleton (D:4)
  A hound zombie (D:10)
  A mummy (D:6)
  A howler monkey zombie (D:10)
  11 gnolls
  19 adders
  7 shadow imps
  4 oozes
  An adder skeleton (D:8)
  3 worms
  A dart slug (D:2)
  8 leopard geckos
  60 orcs
  2 ball pythons
  7 giant cockroaches
  10 goblins
  14 hobgoblins
  10 jackals
  28 kobolds
  3 quokkas
  15 bats
  16 frilled lizards
  A leopard gecko skeleton (D:4)
  A leopard gecko zombie (D:6)
  A quokka zombie (D:5)
  10 rats
  A plant (Lair:6)
683 creatures vanquished.

Vanquished Creatures (collateral kills)
  3 orc warriors
  An ogre (D:4)
  A bullfrog (Sewer)
  An orc wizard (Orc:2)
  A leopard gecko (D:7)
  5 orcs
12 creatures vanquished.

Vanquished Creatures (others)
  A hydra (Lair:3)
  A harpy (Lair:6)
  A spiny frog (Lair:6)
  2 dream sheep
  2 orcs
  A kobold (D:11)
  16 fungi
  14 plants
38 creatures vanquished.

Grand Total: 733 creatures vanquished

Notes
Turn   | Place    | Note
-------+----------+-------------------------------------------
     0 | D:1      | Jabberih the Troll Transmuter began the quest for the Orb.
     0 | D:1      | Reached XP level 1. HP: 18/18 MP: 1/1
   143 | D:1      | Reached XP level 2. HP: 26/26 MP: 2/2
   305 | D:1      | Learned a level 2 spell: Sticks to Snakes
   891 | D:1      | You fall through a shaft!
   978 | D:2      | Reached XP level 3. HP: 32/32 MP: 3/3
  1016 | D:2      | Found a deep blue altar of Sif Muna.
  1717 | D:2      | Reached skill level 4 in Unarmed Combat
  1941 | D:2      | Reached XP level 4. HP: 40/40 MP: 4/4
  2264 | D:3      | Noticed Ijyb
  2293 | D:3      | Killed Ijyb
  2654 | D:3      | Reached XP level 5. HP: 46/46 MP: 5/5
  2662 | D:3      | Learned a level 3 spell: Spider Form
  2944 | D:4      | Got a wavering graven amulet
  3081 | D:4      | Reached skill level 5 in Unarmed Combat
  3174 | D:4      | Noticed an ogre
  3175 | D:4      | Reached XP level 6. HP: 42/54 MP: 6/6
  3356 | D:4      | Identified the amulet of Qosatti {Acrobat +Blink rElec
                  | Slay+3} (You found it on level 4 of the Dungeon)
  3642 | D:5      | Entered Level 5 of the Dungeon
  3669 | D:5      | Noticed a sky beast
  3682 | D:5      | Killed a sky beast
  3682 | D:5      | Reached skill level 6 in Unarmed Combat
  3682 | D:5      | Reached XP level 7. HP: 56/61 MP: 7/7
  4077 | D:5      | Reached skill level 7 in Unarmed Combat
  4077 | D:5      | Reached skill level 5 in Transmutations
  4135 | D:5      | Noticed Grinder
  4143 | D:5      | Paralysed by Grinder for 5 turns
  4153 | D:5      | Killed Grinder
  4153 | D:5      | Reached XP level 8. HP: 41/68 MP: 8/8
  4777 | D:6      | Reached skill level 8 in Unarmed Combat
  4939 | D:6      | Found an iron altar of Okawaru.
  4952 | D:6      | Found a staircase to the Ecumenical Temple.
  4970 | Temple   | Entered the Ecumenical Temple
  5177 | Temple   | Became a worshipper of Ru the Awakened
  5277 | D:6      | Found a glowing drain.
  5288 | Sewer    | Entered a sewer
  5905 | D:6      | Found a snail-covered altar of Cheibriados.
  6169 | D:7      | Reached XP level 9. HP: 28/75 MP: 9/9
  6279 | D:7      | Reached skill level 9 in Unarmed Combat
  6573 | D:7      | Got a translucent zirconium amulet
  6856 | D:8      | Gained mutation: You are sensitive to extremes of
                  | temperature. (rF-, rC-) [Ru sacrifice]
  6856 | D:8      | Reached * piety under Ru
  6856 | D:8      | Reached ** piety under Ru
  6857 | D:8      | Identified the amulet of Agun Ugi {Acrobat Str+2 Stlth+}
                  | (You found it on level 7 of the Dungeon)
  7011 | D:8      | Found a staircase to the Lair.
  7011 | D:8      | Noticed a death yak
  7011 | D:8      | Noticed a death yak
  7011 | D:8      | Noticed a death yak
  7011 | D:8      | Noticed a death yak
  7012 | D:8      | Noticed a death yak
  7250 | D:7      | Killed a death yak
  7250 | D:7      | Reached skill level 10 in Unarmed Combat
  7377 | D:7      | Killed a death yak
  7377 | D:7      | Reached XP level 10. HP: 26/83 MP: 10/10
  7470 | D:7      | Identified a scroll of acquirement
  7547 | D:7      | Killed a death yak
  7631 | D:7      | Killed a death yak
  7747 | D:7      | Learned a level 4 spell: Ice Form
  7940 | D:8      | Killed a death yak
  7940 | D:8      | Reached skill level 5 in Dodging
  8059 | D:8      | Reached skill level 11 in Unarmed Combat
  8213 | D:8      | Noticed a two-headed ogre
  8240 | D:8      | Killed a two-headed ogre
  8613 | Lair:1   | Entered Level 1 of the Lair of Beasts
  8712 | Lair:1   | Noticed a four-headed hydra
  8779 | Lair:1   | Killed a four-headed hydra
  8779 | Lair:1   | Reached XP level 11. HP: 23/89 MP: 3/11
  9883 | Lair:2   | Reached skill level 12 in Unarmed Combat
  9885 | Lair:2   | Gained mutation: You cannot train Armour skill. [Ru
                  | sacrifice]
  9885 | Lair:2   | Reached *** piety under Ru
 10399 | Lair:2   | Noticed a seven-headed hydra
 10407 | Lair:2   | Killed a seven-headed hydra
 10426 | Lair:2   | Noticed a wolf spider
 10438 | Lair:2   | Killed a wolf spider
 10793 | Lair:2   | Found a hole to the Spider Nest.
 11182 | Lair:2   | Reached XP level 12. HP: 27/97 MP: 8/12
 11308 | Lair:2   | Found the +8 whip "Snakebite" {curare, rPois}
 11684 | Lair:3   | Noticed a four-headed hydra
 11693 | Lair:3   | Killed a four-headed hydra
 12067 | Lair:3   | Found a staircase to the Shoals.
 12078 | Lair:3   | Reached skill level 10 in Transmutations
 12540 | Lair:4   | Reached skill level 1 in Fighting
 12542 | Lair:4   | Gained mutation: You are missing a hand. [Ru sacrifice]
 12542 | Lair:4   | Reached **** piety under Ru
 12542 | Lair:4   | Reached ***** piety under Ru
 12542 | Lair:4   | Reached ****** piety under Ru
 12634 | Lair:4   | Noticed a six-headed hydra
 12641 | Lair:4   | Killed a six-headed hydra
 12732 | Lair:4   | Reached skill level 13 in Unarmed Combat
 13766 | Lair:5   | You fall through a shaft!
 13766 | Lair:6   | Entered Level 6 of the Lair of Beasts
 14297 | Lair:5   | Found a viscous altar of Jiyva.
 14297 | Lair:5   | Found a staircase to the Slime Pits.
 14800 | Lair:5   | Reached XP level 13. HP: 92/117 MP: 13/13
 15180 | Lair:6   | Reached skill level 5 in Fighting
 15384 | Lair:6   | Learned a level 5 spell: Blade Hands
 15392 | Lair:6   | Reached skill level 14 in Unarmed Combat
 16312 | D:9      | Found a staircase to the Orcish Mines.
 16572 | D:9      | Found a blossoming altar of Fedhas.
 16681 | D:9      | Found a runed translucent gate.
 16682 | D:9      | Found a runed translucent gate.
 16683 | D:9      | Found a runed translucent gate.
 16690 | D:9      | Noticed Nordron's ghost (novice MfIE)
 17042 | Orc:1    | Entered Level 1 of the Orcish Mines
 17141 | Orc:1    | Noticed an orc warlord
 17166 | D:9      | Killed an orc warlord
 17166 | D:9      | Reached skill level 10 in Dodging
 17588 | Orc:2    | Entered Level 2 of the Orcish Mines
 18062 | Orc:2    | Found a roughly hewn altar of Beogh.
 18062 | Orc:2    | Noticed an orc warlord
 18092 | Orc:1    | Reached XP level 14. HP: 110/131 MP: 5/14
 18305 | D:9      | Killed an orc warlord
 18406 | Orc:2    | Found Uppuumeceo's Antique Armour Boutique.
 18709 | Orc:2    | Bought a sheer robe for 182 gold pieces
 18719 | Orc:2    | Identified the +0 robe of the Tuna {rElec rF+ rC+ MP+9
                  | Dex+3} (You bought it in a shop on level 2 of the Orcish
                  | Mines)
 18780 | Orc:2    | Found Woury's Jewellery Boutique.
 18787 | Orc:2    | Bought an uncursed ring of protection from fire for 300
                  | gold pieces
 19295 | Orc:2    | Found Caynij's General Store.
 19311 | Orc:2    | Found Soavakhi's Antique Weapon Boutique.
 19513 | Orc:2    | Found a staircase to the Elven Halls.
 19614 | D:10     | Entered Level 10 of the Dungeon
 19723 | D:10     | Found Cezaysche's Jewellery Emporium.
 19775 | D:10     | Noticed Erolcha
 19790 | D:10     | Killed Erolcha
 19929 | D:10     | Reached skill level 1 in Evocations
 19960 | D:10     | Noticed Joseph
 19971 | D:10     | Killed Joseph
 21414 | D:12     | Noticed Rupert
 21546 | D:12     | Killed Rupert
 22157 | D:13     | Reached skill level 15 in Unarmed Combat
 22545 | D:13     | Learned a level 1 spell: Summon Butterflies
 22589 | D:13     | Noticed Maurice
 22600 | D:13     | Killed Maurice
 23054 | D:14     | Noticed Snorg
 23062 | D:14     | Killed Snorg
 23611 | D:14     | Reached XP level 15. HP: 26/143 MP: 16/16
 23885 | D:14     | Found a gate to the Vaults.
 24141 | D:14     | You fall through a shaft!
 24141 | D:15     | Entered Level 15 of the Dungeon
 24216 | D:15     | Noticed Agnes
 24238 | D:15     | Mangled by Agnes

Skill      XL: |  1  2  3  4  5  6  7  8  9 10 11 12 13 14 15 |
---------------+----------------------------------------------+-----
Transmutations | 2 3 4 5 6 7 8 9 10 11 | 11.6
Unarmed Combat | 4 5 6 7 8 10 11 12 13 14 15 | 15.3
Dodging        | 3 5 7 9 10 11 | 11.2
Fighting       | 4 6 7 8 |  8.2
Evocations     | 3 |  3.9
Spellcasting   | |  1.2

Action                   |  1- 3 |  4- 6 |  7- 9 | 10-12 | 13-15 || total
-------------------------+-------+-------+-------+-------+-------++-------
Melee: Unarmed           |   124 |   131 |   320 |   547 |   990 ||  2112
       Punch             |       |     1 |    13 |    13 |       ||    27
 Cast: Sticks to Snakes  |       |     6 |     9 |    11 |    21 ||    47
       Spider Form       |       |       |       |     5 |     2 ||     7
       Ice Form          |       |       |       |    13 |     6 ||    19
       Blade Hands       |       |       |       |       |    53 ||    53
Invok: Sacrifice Resista |       |       |     1 |       |       ||     1
       Sacrifice Durabil |       |       |       |     1 |       ||     1
       Power Leap        |       |       |       |     2 |     4 ||     6
       Sacrifice a Hand  |       |       |       |     1 |       ||     1
 Abil: End Transformatio |       |       |       |     1 |       ||     1
Evoke: Wand              |       |       |     1 |    11 |    10 ||    22
  Use: Scroll            |       |     6 |     7 |     7 |     9 ||    29
       Potion            |       |       |     3 |     2 |     3 ||     8
 Stab: Sleeping          |     2 |     3 |       |     1 |     1 ||     7
       Distracted        |       |     1 |       |     3 |     5 ||     9
       Paralysed         |       |       |     3 |     4 |     8 ||    15
       Invisible         |       |       |       |     2 |     3 ||     5
  Eat: Chunk             |    23 |    16 |    35 |    71 |   102 ||   247
       Ration            |       |       |       |     2 |     1 ||     3
Armor: Robe              |    46 |    34 |    67 |    89 |   138 ||   374
       Skin              |       |       |       |     8 |     2 ||    10
Dodge: Dodged            |    44 |    49 |   128 |   303 |   626 ||  1150
